 Seeded DCSS version 0.30.1-9-gdf580d7c3d (webtiles) character file.

Game seed: 6351066067085065685 (custom seed)

50 Esekla the Magician (level 3, 0/19 HPs)
             Began as a Deep Elf Wanderer on Oct 21, 2023.
             Was a Follower of Vehumet.
             Slain by a gnoll
             ... wielding a +0 spear
              (6 damage)
             ... on level 2 of the Dungeon.
             The game lasted 00:33:30 (1828 turns).

Esekla the Magician (Deep Elf Wanderer)             Turns: 1828, Time: 00:33:30

Health: 0/19       AC:  4    Str: 11    XL:     3   Next: 55%
Magic:  9/11       EV: 11    Int: 19    God:    Vehumet [*.....]
Gold:   162        SH:  4    Dex: 14    Spells: 8/12 levels left

rFire   . . .        s - +5 rapier of the Hero {heavy, rN+ Dex+3}
rCold   . . .        d - +0 buckler
rNeg    + . .        c - +0 robe
rPois   .            m - +0 helmet
rElec   .            (no cloak)
rCorr   .            l - +0 pair of gloves
SInv    .            (no boots)
Will    .....        (no amulet)
Stlth   ++           (no ring)
HPRegen 0.23/turn    (no ring)
MPRegen 0.12/turn

%: no passive effects
@: on blink cooldown
A: no striking features
a: Renounce Religion


You were on level 2 of the Dungeon.
You worshipped Vehumet.
Vehumet was aware of your devotion.
You visited 1 branch of the dungeon, and saw 4 of its levels.

You collected 162 gold pieces.

Inventory:

Hand Weapons
 a - a +1 short sword of freezing
 s - the +5 rapier of the Hero (weapon) {heavy, rN+ Dex+3}
   (You found it on level 3 of the Dungeon)

   Dex:       It affects your dexterity (+3).
   rN:        It protects you from negative energy.
Armour
 c - a +0 robe (worn)
 d - a +0 buckler (worn)
 l - a +0 pair of gloves (worn)
 m - a +0 helmet (worn)
Wands
 i - a wand of roots (9)
Scrolls
 g - a scroll of identify {unknown}
 o - a scroll of enchant armour {unknown}
 p - a scroll of amnesia {unknown}
 q - a scroll of immolation {unknown}
 r - a scroll of blinking {unknown}
 u - a scroll of fog {unknown}
Potions
 b - a potion of lignification
 e - a potion of ambrosia {unknown}
 f - 2 potions of attraction {unknown}
 h - a potion of heal wounds {unknown}
 j - 2 potions of curing {unknown}
 k - a potion of haste {unknown}
 n - a potion of mutation {unknown}
 t - 2 potions of brilliance {unknown}


   Skills:
 + Level 1.3 Short Blades
 * Level 0.6 Dodging
 + Level 1.5 Stealth
 + Level 1.6 Shields
 * Level 5.4 Spellcasting
 * Level 0.6 Necromancy
 + Level 2.4 Translocations
 + Level 1.0 Invocations


You had 8 spell levels left.
You knew the following spells:

 Your Spells              Type           Power      Damage    Failure   Level
a - Magic Dart            Conj           20%        1d4       17%         1
b - Blink                 Tloc           28%        N/A       10%         2
p - Apportation           Tloc           28%        N/A       6%          1

Your spell library contained the following spells:

 Spells                   Type           Power      Damage    Failure   Level
 Sandblast                Erth           10%        2d5       17%         1
 Lesser Beckoning         Tloc           28%        N/A       10%         2
 Gell's Gravitas          Tloc           14%        N/A       19%         3
 Teleport Other           Tloc           14%        N/A       19%         3
 Vampiric Draining        Necr           7%         2d6       36%         3
 Ignite Poison            Fire/Tmut/Pois 5%         N/A       45%         3


Dungeon Overview and Level Annotations

Branches:
Dungeon (4/15)
 Temple: D:4-7

Altars:
Okawaru
Vehumet
Zin

Shops:
D:2 =


Message History

The ball python closely misses you. The ball python barely misses you. x2
You hit the ball python.
You kill the ball python!
Vehumet accepts your kill.
A kobold comes into view. It is wielding a +0 short sword.
The kobold shouts!
You barely miss the kobold.
The kobold hits you but does no damage. x2
Your magical contamination has completely faded away.
You puncture the kobold!
You kill the kobold!
Vehumet accepts your kill.
Things that are here:
a +0 short sword; a kobold corpse Done exploring.
(D) Dungeon
Where to? (? - help)
There is a stone staircase leading down here.
You climb downwards.
The gnoll enters a dispersal trap!
You blink.
A gnoll appears from thin air!
It is wielding a +0 club.
The gnoll blinks!
The gnoll hits you with a +0 spear.
Casting: Magic Dart (safe; 17% risk of failure)
Confirm with . or Enter, or press ? or * to list all spells.
You blink.
The gnoll shouts!
You hear a shout! x2
A goblin comes into view. It is wielding a +3 dagger of speed.
Casting: Blink (safe; 10% risk of failure)
Confirm with . or Enter, or press ? or * to list all spells.
You don't know that spell.
Casting: Blink (safe; 10% risk of failure)
Confirm with . or Enter, or press ? or * to list all spells.
You don't know that spell.
Unknown command.
Okay, then.
Unknown command.
You closely miss the goblin. You block the goblin's attack.
The gnoll hits you with a +0 club.
The gnoll hits you from afar with a +0 spear.
The goblin closely misses you. The gnoll hits you with a +0 club.
The gnoll hits you from afar with a +0 spear.
You die...

......†####..####.# #.........
..................######...######
#####.............#.....#..#
#####.####..#######.####...######
............# ##........
#####.####..# #.#######
#.##....## #.#
#####.##<....######.#####.#
......####§#..gg@g........#
####### #.#..#####.####### #
#.#..# # #.#..# ##########....#
........g...... ##########.#...
#.##..


You could see 2 gnolls and a goblin.

Vanquished Creatures
  An adder (D:2)
  2 dart slugs
  4 endoplasms
  5 goblins
  3 hobgoblins
  A quokka (D:1)
  6 ball pythons
  4 bats
  4 frilled lizards
  5 kobolds
35 creatures vanquished.

Notes
Turn   | Place    | Note
-------+----------+-------------------------------------------
     0 | D:1      | Esekla the Deep Elf Wanderer began the quest for the Orb.
     0 | D:1      | Esekla set off with the following items: a +0 club, a
                  | potion of lignification, a +0 robe, a +0 buckler; and the
                  | following spells available to memorise: Apportation, Blink,
                  | Lesser Beckoning, Magic Dart, Ignite Poison, Vampiric
                  | Draining.
     0 | D:1      | Reached XP level 1. HP: 10/10 MP: 7/7
     2 | D:1      | Learned a level 1 spell: Magic Dart
     4 | D:1      | Learned a level 1 spell: Apportation
   260 | D:2      | Found Renulab's Jewellery Shop.
   516 | D:4      | Found a radiant altar of Vehumet.
   524 | D:4      | Found an iron altar of Okawaru.
   535 | D:4      | Found a glowing silver altar of Zin.
   619 | D:4      | Became a worshipper of Vehumet
   824 | D:3      | Reached XP level 2. HP: 15/15 MP: 7/9
   827 | D:3      | Learned a level 2 spell: Blink
   926 | D:3      | Reached skill level 5 in Spellcasting
  1115 | D:3      | Identified the +5 rapier of the Hero {heavy, rN+ Dex+3}
  1245 | D:2      | Reached skill level 1 in Short Blades
  1379 | D:1      | Reached XP level 3. HP: 19/19 MP: 2/11
  1630 | D:1      | Reached * piety under Vehumet
  1630 | D:1      | Offered knowledge of Sandblast by Vehumet.
  1828 | D:2      | Slain by a gnoll

Illustrated notes

Levels and vault maps discovered:
D:1:      sevenhm_arrival_forest_fort_small_3, layout_rooms,
          chequers_serial_rivers_room_b, minmay_misc_feat_five
D:2:      layout_loops_ring, dreamdust_ecumenical_altar_angels_and_demons,
          serial_shops, shop
D:3:      layout_basic, grunt_temple_overflow_open, minmay_misc_feat_iff
D:4:      layout_basic, nicolae_overflow_quartered_altars, serial_shops,
          nicolae_diamond_shop

Skill      XL: |  1  2 |
---------------+-------+-----
Spellcasting   | 5 |  5.4
Short Blades   | 1 |  1.3
Dodging        | |  0.6
Stealth        | |  1.5
Shields        | |  1.6
Necromancy     | |  0.6
Translocations | |  2.4
Invocations    | |  1.0

Action                     || total
---------------------------++-------
  Melee: Short sword       ||    13
         Rapier            ||    20
   Cast: Apportation       ||    33
         Magic Dart        ||    46
         Blink             ||     1
    Use: Scroll            ||     1
   Stab: Sleeping          ||     2
 Armour: Robe              ||    24
  Dodge: Dodged            ||    40
  Block: Buckler           ||    11
